 Dungeon Crawl Stone Soup version 0.26-a0-597-gb535b0901c (webtiles) character file.

Game seed: 4531810378412039069

(classic levelgen) 750 EnegeticOcto the Chopper (level 7, 25/64 HPs)
             Began as a Deep Dwarf Fighter on Sept 1, 2020.
             Quit the game on level 8 of the Dungeon.
             The game lasted 00:01:26 (1540 turns).

EnegeticOcto the Chopper (Deep Dwarf Fighter)       Turns: 1540, Time: 00:01:27

Health: 25/64      AC:  7    Str: 21    XL:     7   Next: 48%
Magic:  3/3        EV:  7    Int:  9    God:
Gold:   127        SH: 10    Dex: 12    Spells: 6/6 levels left

rFire    . . .     SeeInvis .   a - +1 war axe
rCold    . . .     Faith    .   c - +0 kite shield
rNeg     . . .     Spirit   .   b - +0 scale mail
rPois    .         Reflect  .   (no helmet)
rElec    .         Harm     .   (no cloak)
rCorr    .                      (no gloves)
MR       +....                  (no boots)
Stlth    ..........             (no amulet)
HPRegen  0.00/turn              (no ring)
MPRegen  0.08/turn              (no ring)

@: mildly poisoned (25 -> 25), non-regenerating
A: damage resistance, heal wounds, sense surroundings 1, no regeneration
a: Heal Wounds


You were on level 8 of the Dungeon.
You visited 1 branch of the dungeon, and saw 6 of its levels.

You collected 127 gold pieces.

Inventory:

Hand Weapons
 a - a +1 war axe (weapon)
Missiles
 m - 2 throwing nets (quivered)
Armour
 b - a +0 scale mail (worn)
 c - a +0 kite shield (worn)
Scrolls
 e - 4 scrolls of teleportation {@r3}
 j - a scroll of remove curse {unknown}
 l - a scroll of fear
 n - a scroll of immolation {@r4}
Potions
 d - 2 potions of might {@q3}
 f - a potion of degeneration {unknown}
 g - 2 potions of curing {@q1}
 h - 2 potions of mutation {unknown}
 i - a potion of lignification {unknown}
 o - a potion of heal wounds {unknown}


   Skills:
 + Level 4.3 Fighting
 * Level 6.1 Axes
 + Level 5.2 Armour
 + Level 5.2 Shields


You had 6 spell levels left.
You didn't know any spells.
Your spell library was empty.

Dungeon Overview and Level Annotations

Branches:
Dungeon (5/15)
 Temple: D:4-7

Altars:
Nemelex Xobeh
The Shining One

Shops:
D:5 (


Innate Abilities, Weirdness & Mutations

You are resistant to damage.
You can heal yourself by infusing magical energy.
You passively map a small area around you.
You do not regenerate.


Message History

No target in view!
No target in view!
No target in view!
No target in view!
No target in view!
No target in view!
You see here an adder corpse.
Found a thick glowing staff.
Found a stone staircase leading down.
You now have 127 gold pieces (gained 15).
d - 2 potions of might {@q3} (gained 1)
There is a stone staircase leading down here.
You fall into a shaft and drop 3 floors!
The shaft crumbles and collapses.
A worker ant comes into view.
The worker ant twitches its antennae in your direction.
A bullfrog comes into view.
The bullfrog croaks.
You hear an angry growl.
Found a leatherbound book, a hunting sling and a scorched quarterstaff.
Found an escape hatch in the ceiling.
Found a stone staircase leading up and a stone staircase leading down.
A worker ant comes into view.
There are monsters nearby!
There are monsters nearby!
There are monsters nearby!
There are monsters nearby!
There are monsters nearby!
There are monsters nearby!
You see here a hunting sling.
You closely miss the bullfrog. The bullfrog hits you.
You block the bullfrog's attack.
You hit the worker ant.
The worker ant is lightly wounded.
You closely miss the bullfrog. The bullfrog hits you.
The worker ant bites you but does no damage.
The bullfrog hits you but does no damage.
A black bear comes into view.
You block the worker ant's attack.
You hit the worker ant.
The worker ant is heavily wounded.
You slash the bullfrog! You block the bullfrog's attack.
You block the worker ant's attack.
The bullfrog hits you but does no damage.
You slash the bullfrog!
You kill the bullfrog!
Your Axes skill increases to level 6!
You hit the worker ant.
The worker ant bites you but does no damage.
You block the worker ant's attack. The worker ant bites you.
You hit the worker ant.
The worker ant is severely wounded.
You barely miss the worker ant.
The worker ant bites you but does no damage.
You block the worker ant's attack.
You closely miss the worker ant.
The worker ant is severely wounded.
Your shield prevents you from hitting the worker ant.
You block the worker ant's attack. x2
A phantom comes into view.
The worker ant bites you. x2
You hit the worker ant.
The worker ant is almost dead.
You slash the worker ant! The worker ant barely misses you.
You block the worker ant's attack. x2
You slash the worker ant!
You kill the worker ant!
You hit the worker ant. The worker ant bites you.
You are poisoned.
The worker ant poisons you! The black bear closely misses you. x2
The black bear claws you but does no damage.
You slash the worker ant!
You kill the worker ant!
You slash the black bear!
The black bear bites you but does no damage.
You block the black bear's attack.
The black bear claws you but does no damage.
The phantom blinks!
You hit the black bear.
The black bear is moderately wounded.
The black bear bites you but does no damage.
The black bear claws you but does no damage.
The black bear closely misses you.
The phantom blinks!
You slash the black bear!
The black bear is almost dead.
The black bear bites you but does no damage.
You block the black bear's attack. The black bear barely misses you.
The black bear goes berserk!
You barely miss the black bear.
The black bear is almost dead.
You block the black bear's attack. The black bear claws you. x2
You barely miss the black bear.
The black bear is almost dead.
The black bear bites you.
The black bear claws you but does no damage.
You block the black bear's attack. The black bear bites you.
You block the black bear's attack. The black bear claws you.
You are too injured to fight recklessly!
You are too injured to fight recklessly!
You are too injured to fight recklessly!
Are you sure you want to abandon this character and quit the game? (Confirm with "yes".)

#......# ..... ,
,,......##.....
* )....#..>...,
, , ,,#.........
, , .###........
,, , ..........#
.# , ,
,..........#...<
, , #..:........
, ####@##..... ,
, , #h†# ...
..... .
,........, , ,
.......W.##* *
.....<....
.........., *
..........., ,,
, ,


You could see a phantom and a black bear (berserk).

Vanquished Creatures
  An ogre (D:4)
  A bullfrog (D:8)
  A quasit (D:5)
  A bullfrog zombie (D:5)
  2 orc priests (D:4)
  A gnoll shaman (D:4)
  3 iguanas (D:5)
  2 orc wizards (D:5)
  Natasha (thrice) (D:3)
  2 worker ants (D:8)
  A hound skeleton (D:5)
  6 gnolls (D:4)
  5 adders
  An ooze (D:1)
  3 dart slugs
  4 leopard geckos
  9 orcs
  A ball python (D:5)
  4 giant cockroaches
  4 goblins
  5 hobgoblins
  7 jackals (D:1)
  8 kobolds
  2 quokkas (D:4)
  2 bats (D:2)
  2 frilled lizards
  5 rats
86 creatures vanquished.

Notes
Turn   | Place    | Note
-------+----------+-------------------------------------------
     0 | D:1      | EnegeticOcto the Deep Dwarf Fighter began the quest for the
                  | Orb.
     0 | D:1      | Reached XP level 1. HP: 20/20 MP: 1/1
    37 | D:1      | Reached XP level 2. HP: 25/27 MP: 2/2
   128 | D:1      | Reached skill level 3 in Axes
   128 | D:1      | Reached XP level 3. HP: 20/33 MP: 3/3
   236 | D:2      | Found a sparkling altar of Nemelex Xobeh.
   377 | D:3      | Noticed Natasha
   385 | D:3      | Killed Natasha
   385 | D:3      | Reached XP level 4. HP: 39/42 MP: 3/3
   456 | D:3      | Noticed Natasha
   461 | D:3      | Killed Natasha
   471 | D:3      | Noticed Natasha
   478 | D:3      | Killed Natasha
   478 | D:3      | Reached skill level 4 in Axes
   478 | D:3      | Reached XP level 5. HP: 35/49 MP: 4/4
   920 | D:4      | Found a glowing golden altar of the Shining One.
   979 | D:4      | Noticed an ogre
   997 | D:4      | Reached XP level 6. HP: 36/56 MP: 2/2
  1001 | D:4      | Reached skill level 5 in Axes
  1361 | D:5      | Entered Level 5 of the Dungeon
  1396 | D:5      | Found Tem Vaof's Weapon Boutique.
  1454 | D:5      | Reached XP level 7. HP: 44/64 MP: 3/3
  1463 | D:5      | Reached skill level 5 in Shields
  1472 | D:5      | Reached skill level 5 in Armour
  1525 | D:5      | You fall into a shaft and drop 3 floors!
  1530 | D:8      | Reached skill level 6 in Axes
  1540 | D:8      | Quit the game

Illustrated notes

Levels and vault maps discovered:
D:1:      scummos_arrival_forest, layout_rooms, st_stairs_8, minmay_box_of_dots
D:2:      layout_basic, old_standard_altar, overflow_temple_1_default,
          grunt_gozag_breadcrumbs, chequers_temple_overflow_minitemple
D:3:      layout_rooms, minmay_liquid_box, uniq_natasha
D:4:      layout_basic, kennysheep_little_box, minmay_quantized
D:5:      layout_loops_ring, serial_shops, nicolae_shop_crystal,
          portal_sewer_entry_b
D:8:      layout_cave_pools, grunt_temple_overflow_order_and_chaos_1,
          erik_lair_orcish_takeover, uniq_psyche

Skill      XL: |  1  2  3  4  5  6  7 |
---------------+----------------------+-----
Axes           | 3 4 5 6 |  6.1
Fighting       | 3 4 |  4.3
Armour         | 4 5 |  5.2
Shields        | 4 5 |  5.2

Action                   |  1- 3 |  4- 6 |  7- 9 || total
-------------------------+-------+-------+-------++-------
Melee: War axe           |    97 |   118 |    44 ||   259
 Abil: Heal Wounds       |     1 |    15 |       ||    16
  Use: Scroll            |       |     8 |       ||     8
Armor: Scale mail        |    55 |    61 |    23 ||   139
Dodge: Dodged            |    44 |    44 |    12 ||   100
Block: Kite shield       |    66 |    86 |    26 ||   178

Table legend: (Time is in decaauts)
 A = Elapsed time spent in this place.
 B = Non-inter-level travel time spent in this place.
 C = Inter-level travel time spent in this place.
 D = Time resting spent in this place.
 E = Time spent auto-exploring this place.
 F = Levels seen in this place.
 G = Mean time per level.
                   A        B        C        D        E       F      G
               +--------+--------+--------+--------+--------+-----+--------+
         Total |   1640 |   1545 |     95 |      0 |    994 |   6 |  273.3 |
       Dungeon |   1640 |   1545 |     95 |      0 |    994 |   6 |  273.3 |
               +--------+--------+--------+--------+--------+-----+--------+

Top non-repeatable levels by time:
     D:4: 868 daAuts
     D:3: 271 daAuts
     D:1: 208 daAuts
     D:5: 182 daAuts
     D:2: 91 daAuts
     D:8: 18 daAuts
